cohdb
Replays
Latest Replays
All Replays
Popular Replays
Top Player Replays
Match Explorer
How It Works
Community
CoH3 Stats
Reddit
Sign in to upload your games and track your stats! →
Sign in with Steam
Match 46779964
Unlisted
Match 46779964
Overview
Messages
Build Orders
End
Engineer Squad
Construct Barracks
Riflemen Squad
Riflemen Squad
Riflemen Squad
Selects Advanced Infantry Battlegroup
Selects Convert to Ranger Squad
Convert to Ranger Squad
Construct Weapon Support Center
Infantry Support Center
Selects Designate Assault Position
Improved M9 Bazooka Rockets
Advanced Logistics
Munitions Surplus
Convert to Ranger Squad
Selects Ranger Weapon Training
Designate Assault Position
Convert to Ranger Squad
Construct Tank Depot
Selects Ammunition Storage
Survivalist
Grunka Lunka
Vlavius
Alexem
0
0
Comments
sign in to comment!
No comments posted yet!